 Dungeon Crawl Stone Soup version 0.23-a0-455-ge12115f (webtiles) character file.

922264 MisterFreud the Hoplite (level 27, -5/241 HPs)
             Began as an Octopode Fighter on Nov 22, 2018.
             Was the Champion of Cheibriados.
             Killed from afar by a Hell Sentinel (23 damage)
             ... with damnation
             ... on level 7 of the Iron City of Dis on Nov 24, 2018.
             The game lasted 07:46:02 (76914 turns).

MisterFreud the Hoplite (Octopode Fighter)         Turns: 76914, Time: 07:46:03

Health: -5/241     AC: 50    Str: 24      XL:     27
Magic:  21/47      EV: 36    Int: 39 (40) God:    Cheibriados [******]
Gold:   8931       SH: 43    Dex: 26      Spells: 10/66 levels left

rFire    + . .     SeeInvis +   y - +8 demon trident (elec)
rCold    + . .     Gourm    .   b - +8 large shield
rNeg     + . .     Faith    .   i - +2 hat {SInv}
rPois    ∞         Spirit   .   S - brooch of Shielding {Reflect SH+8}
rElec    +         Reflect  +   N - ring "Zeuxtompe" {rF+ rC+ Slay+3}
rCorr    .         Harm     .   m - ring of Puozopryatis {MR+ AC+6}
MR       ++++.                  U - ring "Yzis" {rPois AC+4 Str-3 Dex-4 SInv}
Stlth    ++++++....             j - ring "Itump" {MR+ Dex+4}
HPRegen  0.50/turn              Z - +5 ring of evasion
MPRegen  0.30/turn              v - ring of Buysaego {AC+2 Int+4 Slay+5}
                                G - ring of wizardry
                                p - +4 ring of protection

@: statue-form (expiring), very slightly contaminated, very slow
A: almost no armour, stealthy swim, amphibious, 8 rings, constrict 8, tentacle
spike 1, camouflage 1, clumsy 1, deterioration 2, frail 1, weak 2, MP-powered
wands
}: 7/15 runes: decaying, slimy, silver, obsidian, icy, bone, gossamer
a: End Transformation, Bend Time, Temporal Distortion, Slouch, Step From Time,
Renounce Religion


You were on level 7 of the Iron City of Dis.
You worshipped Cheibriados.
Cheibriados was exalted by your worship.
You were not hungry.
You were a stone statue.
You visited 16 branches of the dungeon, and saw 82 of its levels.
You visited the Abyss 3 times.
You visited 1 bazaar.
You also visited: Trove and Sewer.

You collected 12947 gold pieces.
You spent 4016 gold pieces at shops.

Inventory:

Hand Weapons
 y - a +8 demon trident of electrocution (weapon)
 K - a +9 demon blade of venom
Armour
 b - a +8 large shield (worn)
 i - a +2 hat of see invisible (worn)
Jewellery
 a - the ring of the Tick {+Fly rPois rF+}
   (You found it on level 8 of the Dungeon)

   [ring of flight]

   It protects you from fire.
   It protects you from poison.
   It lets you fly.
 j - the ring "Itump" (on tentacle) {MR+ Dex+4}
   (You found it on level 2 of the Spider Nest)

   [ring of protection from magic]

   It affects your dexterity (+4).
   It affects your resistance to hostile enchantments.
 m - the ring of Puozopryatis (right tentacle) {MR+ AC+6}
   (You found it in a treasure trove)

   [ring of protection]

   It affects your AC (+6).
   It affects your resistance to hostile enchantments.
 p - a +4 ring of protection (on tentacle)
 s - an uncursed ring of wizardry
 v - the ring of Buysaego (on tentacle) {AC+2 Int+4 Slay+5}
   (You acquired it on level 9 of the Dungeon)

   [ring of protection]

   It affects your AC (+2).
   It affects your intelligence (+4).
   It affects your accuracy and damage with ranged weapons and melee attacks
   (+5).
 D - the ring of Ifeekubb {rC+ Str+4}
   (You acquired it on level 3 of the Vaults)

   [ring of protection from cold]

   It affects your strength (+4).
   It protects you from cold.
 G - a ring of wizardry (on tentacle)
 J - the ring "Rojiheoq" {rF+ EV+3}
   (You found it on level 4 of the Depths)

   [ring of evasion]

   It affects your evasion (+3).
   It protects you from fire.
 N - the ring "Zeuxtompe" (left tentacle) {rF+ rC+ Slay+3}
   (You found it on level 5 of the Pits of Slime)

   [ring of protection from fire]

   It affects your accuracy and damage with ranged weapons and melee attacks
   (+3).
   It protects you from fire.
   It protects you from cold.
 Q - an uncursed ring of resist corrosion
 S - the brooch of Shielding (around mantle) {Reflect SH+8}
   (You found it on level 7 of Gehenna)

   [amulet of reflection]

   It shields you and reflects attacks.
   It affects your SH (+8).
 T - the macabre finger necklace {rN+}
   (You found it on level 9 of the Dungeon)

   [amulet of nothing]

   It protects you from negative energy.
 U - the ring "Yzis" (on tentacle) {rPois AC+4 Str-3 Dex-4 SInv}
   (You took it off a fire giant on level 5 of the Vaults)

   [ring of protection]

   It affects your AC (+4).
   It affects your strength (-3).
   It affects your dexterity (-4).
   It protects you from poison.
   It lets you see invisible.
 X - the amulet "Otugenaaho" {RegenMP rN++ Dex+2 Stlth-}
   (You took it off a skeletal warrior on level 7 of Cocytus)

   [amulet of magic regeneration]

   It increases your magic regeneration.
   It affects your dexterity (+2).
   It greatly protects you from negative energy.
   It makes you less stealthy.
 Z - a +5 ring of evasion (on tentacle)
Wands
 e - a wand of clouds (20)
 H - a wand of scattershot (3)
 I - a wand of acid (31)
 L - a wand of iceblast (36)
 M - a wand of digging (29)
 Y - a wand of polymorph (10)
Scrolls
 h - 8 scrolls of fear
 k - 6 scrolls of fog
 l - 7 scrolls of magic mapping
 n - 11 scrolls of teleportation
 w - 26 scrolls of remove curse
 E - 10 scrolls of identify
 F - 7 scrolls of blinking
Potions
 c - 5 potions of might
 o - 2 potions of invisibility
 q - 3 potions of resistance
 u - 12 potions of mutation
 x - 4 potions of magic
 z - 11 potions of curing
 B - 10 potions of heal wounds
 C - 4 potions of brilliance
 P - 2 potions of ambrosia
 V - 2 potions of cancellation
 W - 3 potions of agility
Miscellaneous
 r - 3 boxes of beasts
 t - 5 sacks of spiders
 R - 2 phantom mirrors
Comestibles
 d - 78 rations


   Skills:
 - Level 22.0 Fighting
 - Level 14.0 Long Blades
 + Level 19.0 Polearms
 - Level 18.0 Dodging
 - Level 10.0 Stealth
 - Level 25.0 Shields
 - Level 20.0 Spellcasting
 - Level 8.0 Conjurations
 - Level 5.0 Charms
 - Level 8.1 Summonings
 - Level 16.0 Translocations
 - Level 10.0 Transmutations
   Level 5.0 Ice Magic
 - Level 22.0 Earth Magic
 - Level 12.0 Invocations
 - Level 10.0 Evocations


You had 10 spell levels left.
You knew the following spells:

 Your Spells              Type           Power        Failure   Level  Hunger
a - Iron Shot             Conj/Erth      ########..   1%          6    None
b - Statue Form           Tmut/Erth      ########.    1%          6    None
c - Lesser Beckoning      Tloc           ########..   0%          3    None
d - Shatter               Erth           ########..   3%          9    #####..
e - Lee's Rapid Deconstr  Erth           ########..   0%          5    None
f - Controlled Blink      Tloc           N/A          2%          8    ###....
g - Deflect Missiles      Chrm/Air       ######....   16%         6    None
h - Aura of Abjuration    Summ           #######...   1%          5    None
i - Apportation           Tloc           ######       0%          1    None
j - Spellforged Servitor  Conj/Summ      #######...   9%          7    None

Your spell library contained the following spells:

 Spells                   Type           Power        Failure   Level  Hunger
 Beastly Appendage        Tmut           ######       0%          1    None
 Sandblast                Erth           ######       0%          1    None
 Blink                    Tloc           N/A          0%          2    None
 Passwall                 Tmut/Erth      ########     0%          2    None
 Sticks to Snakes         Tmut           #######.     0%          2    None
 Gell's Gravitas          Tloc           ########..   0%          3    None
 Recall                   Summ/Tloc      N/A          0%          3    None
 Stone Arrow              Conj/Erth      ######       0%          3    None
 Passage of Golubria      Tloc           N/A          0%          4    None
 Petrify                  Tmut/Erth      ########     0%          4    None
 Animate Skeleton         Necr           N/A          1%          1    None
 Confusing Touch          Hex            #####.       1%          1    None
 Corona                   Hex            #####..      1%          1    None
 Flame Tongue             Conj/Fire      #####        1%          1    None
 Freeze                   Ice            ####         1%          1    None
 Magic Dart               Conj           ####         1%          1    None
 Shock                    Conj/Air       ####         1%          1    None
 Sting                    Conj/Pois      ####         1%          1    None
 Summon Butterflies       Summ           #######.     1%          1    None
 Summon Small Mammal      Summ           ####         1%          1    None
 Call Imp                 Summ           #######.     1%          2    None
 Corpse Rot               Necr           N/A          1%          2    None
 Ensorcelled Hibernation  Hex/Ice        ######       1%          2    None
 Poisonous Vapours        Pois/Air       #####.       1%          2    None
 Searing Ray              Conj           ######       1%          2    None
 Slow                     Hex            #####...     1%          2    None
 Swiftness                Chrm/Air       ######..     1%          2    None
 Throw Flame              Conj/Fire      ######       1%          2    None
 Throw Frost              Conj/Ice       ######       1%          2    None
 Call Canine Familiar     Summ           #######.     1%          3    None
 Confuse                  Hex            #####...     1%          3    None
 Conjure Flame            Conj/Fire      ######..     1%          3    None
 Dazzling Spray           Conj/Hex       ######       1%          3    None
 Inner Flame              Hex/Fire       #####...     1%          3    None
 Mephitic Cloud           Conj/Pois/Air  ######..     1%          3    None
 Ozocubu's Armour         Chrm/Ice       ######..     1%          3    None
 Portal Projectile        Hex/Tloc       ######       1%          3    None
 Spider Form              Tmut/Pois      ######....   1%          3    None
 Static Discharge         Conj/Air       ######..     1%          3    None
 Summon Guardian Golem    Hex/Summ       ######..     1%          3    None
 Tukima's Dance           Hex            #####...     1%          3    None
 Vampiric Draining        Necr           #####.....   1%          3    None
 Force Lance              Conj/Tloc      #######.     1%          4    None
 Fulminant Prism          Conj/Hex       ######....   1%          4    None
 Ice Form                 Ice/Tmut       #######.     1%          4    None
 Iskenderun's Mystic Bla  Conj           #######.     1%          4    None
 Leda's Liquefaction      Hex/Erth       #######...   1%          4    None
 Sticky Flame             Conj/Fire      ######..     1%          4    None
 Summon Ice Beast         Ice/Summ       ######..     1%          4    None
 Summon Lightning Spire   Summ/Air       ######..     1%          4    None
 Throw Icicle             Conj/Ice       ######..     1%          4    None
 Alistair's Intoxication  Tmut/Pois      ######..     1%          5    None
 Blade Hands              Tmut           #######...   1%          5    None
 Bolt of Magma            Conj/Fire/Erth #######...   1%          5    None
 Borgnjor's Vile Clutch   Necr/Erth      #######...   1%          5    None
 Fireball                 Conj/Fire      ######....   1%          5    None
 Irradiate                Conj/Tmut      #######...   1%          5    None
 Iskenderun's Battlesphe  Conj/Chrm      ######..     1%          5    None
 Lightning Bolt           Conj/Air       ######....   1%          5    None
 Summon Demon             Summ           #######...   1%          5    None
 Summon Forest            Summ/Tloc      #######...   1%          5    None
 Summon Mana Viper        Hex/Summ       ######..     1%          5    None
 Venom Bolt               Conj/Pois      ######....   1%          5    None
 Yara's Violent Unravell  Hex/Tmut       ######....   1%          5    None
 Dispersal                Tloc           ########..   1%          6    None
 Hydra Form               Tmut           #######...   1%          6    None
 Shadow Creatures         Summ           N/A          1%          6    None
 Malign Gateway           Summ/Tloc      #######...   1%          7    None
 Airstrike                Air            #####.....   2%          4    None
 Animate Dead             Necr           N/A          2%          4    None
 Cause Fear               Hex            #####.....   2%          4    None
 Olgreb's Toxic Radiance  Pois           #####...     2%          4    None
 Excruciating Wounds      Chrm/Necr      ######....   2%          5    None
 Metabolic Englaciation   Hex/Ice        ######....   2%          5    None
 Disjunction              Tloc           ########..   2%          8    ###....
 Dragon Form              Tmut           #######...   4%          7    None
 Dispel Undead            Necr           #####...     8%          5    None
 Silence                  Hex/Air        #####.....   8%          5    None
 Bolt of Fire             Conj/Fire      ######....   9%          6    None
 Monstrous Menagerie      Summ           #######...   9%          7    None
 Orb of Destruction       Conj           #######...   9%          7    None
 Summon Greater Demon     Summ           #######...   9%          7    None
 Summon Hydra             Summ           #######...   9%          7    None
 Simulacrum               Ice/Necr       ######....   16%         6    None
 Darkness                 Hex            #####.....   38%         6    None
 Death Channel            Necr           #####.....   38%         6    None
 Invisibility             Hex            #####...     38%         6    None
 Haunt                    Necr/Summ      ######....   38%         7    None
 Summon Horrible Things   Summ           #######...   52%         8    ###....
 Ring of Flames           Chrm/Fire      ######....   58%         7    None
 Necromutation            Tmut/Necr      ######....   89%         8    ###....
 Death's Door             Chrm/Necr      ######....   99%         8    ###....
 Borgnjor's Revivificati  Necr           #####.....   100%        8    ###....
 Discord                  Hex            #####.....   100%        8    ###....
 Ignition                 Fire           #####.....   100%        8    ###....
 Infestation              Necr           #####.....   100%        8    ###....
 Dragon's Call            Summ           #######...   100%        9    #####..
 Tornado                  Air            #####.....   100%        9    #####..


Dungeon Overview and Level Annotations

Branches:
Dungeon (15/15)            Temple (1/1) D:7            Lair (6/6) D:8
  Swamp (4/4) Lair:4       Spider (4/4) Lair:2        Slime (5/5) Lair:6
    Orc (2/2) D:9             Elf (3/3) Orc:2        Vaults (5/5) D:13
  Crypt (3/3) Vaults:3       Tomb (0/3) Crypt:3      Depths (5/5) D:15
   Hell (1/1)                 Dis (7/7) Hell            Geh (7/7) Hell
    Coc (7/7) Hell            Tar (7/7) Hell            Zot (0/5) Depths:5

Altars:
Cheibriados
Dithmenos
Fedhas
Gozag
Hepliaklqana
Kikubaaqudgha
Makhleb
Nemelex Xobeh
Okawaru
Qazlal
Ru
Sif Muna
Trog
Uskayaw
Vehumet
Wu Jian
Xom
Yredelemnul
The Shining One
Beogh
Jiyva

Shops:
D:9 ?   D:11 [   Orc:2 [[(}   Vaults:1 *(*(*   Vaults:2 [   Vaults:3 (
Depths:2 :   Depths:5 }=}

Portals:
Hell: Depths:1 Depths:3 Depths:4 Depths:5
Abyss: Depths:4
Pandemonium: Depths:2 Depths:3
Ziggurat: Depths:3

Annotations:
Vaults:3 exclusion: obsidian statue
Depths:4 schickes transporter vault, mehrere aliches, 2 ringe und ein buch
Geh:1 29 runed doors
Coc:7 Antaeus


Innate Abilities, Weirdness & Mutations

You cannot wear most types of armour.
You are very stealthy in the water. (Stealth+)
You are amphibious.
You can wear up to eight rings at the same time.
You can use your tentacles to constrict eight enemies at once.
Your skin changes colour to match your surroundings (Stealth+).
((Your rubbery body absorbs attacks. (AC +1, EV +1)))
One of your tentacles bears a spike.
((You are partially covered in thin metallic scales. (AC +2)))
You are clumsy. (Dex -2)
Your body often deteriorates upon taking damage.
You are frail. (-10% HP)
You are very weak. (Str -4)
You expend magic power (3 MP) to strengthen your wands.


Message History

The Hell Sentinel completely misses you.
Casting: Lesser Beckoning (safe; 0% risk of failure)
Confirm with . or Enter, or press ? or * to list all spells.
Okay, then.
Unknown command.
Casting: Lesser Beckoning (safe; 0% risk of failure)
Confirm with . or Enter, or press ? or * to list all spells.
Blink to where?
Press: ? - help, Dir - move target cursor, p - Hell Sentinel You are very lightly contaminated with residual magic.
Casting: Controlled Blink (slightly dangerous; 2% risk of failure)
Confirm with . or Enter, or press ? or * to list all spells.
You don't know that spell.
Your transformation is almost over.
The Hell Sentinel gestures at you.
The sphere of damnation explodes!
The damnation engulfs you!
* * * LOW HITPOINT WARNING * * *
The Hell Sentinel gestures at you.
The sphere of damnation explodes!
The damnation engulfs you!
You die...

*,,........# #....#
*,.........##############....#
+,.........'............)....#
*,.........##############....#
*,,........# #....#
##########################''#####
.......).................†.......
.................................
.....).)........8................
......))..................#######
..........................*,,,,,,
............1.............****+**
######.#..################*,,,,,*
##.....#****************,,,,,*
#..)..#*,*,,,,,,,,,,,,,****+*# *
##.§.##*,,*****,,,,,,,,,,,,,*# *
#..)[.#*+***,,,,,*,,*,,*,,*,*#


You could see a Hell Sentinel.

Vanquished Creatures
  Asmodeus (Geh:7)
  Ereshkigal (Tar:7)
  the Royal Jelly (Slime:5)
  2 ancient liches
  Mara (Vaults:4)
  A juggernaut (Depths:4)
  Boris (Depths:4)
  12 shard shrikes (Coc:7)
  4 caustic shrikes (Depths:3)
  Geryon (Hell)
  3 golden dragons
  the Enchantress (Depths:2)
  13 bone dragons
  Arachne (Spider:2)
  Nikola (Spider:3)
  18 Brimstone Fiends
  40 Tzitzimimeh
  5 doom hounds
  The ghost of Pyagrit the Warrior, an adept OgMo of Ashenzari (Vaults:1)
  9 iron giants
  2 tentacled monstrosities
  9 Hell Sentinels
  16 Ice Fiends
  8 liches
  4 titans
  A deep elf master archer (Elf:3)
  4 quicksilver dragons
  4 deep elf blademasters (Elf:3)
  15 acid blobs
  5 Executioners
  3 sphinxes
  4 tentacled starspawn
  4 storm dragons
  7 eldritch tentacles
  11 shadow dragons
  2 thorn hunters
  Agnes (Spider:2)
  26 ancient champions
  Kirke (Swamp:4)
  5 fire giants
  2 revenants
  9 tengu reavers
  The ghost of confidenceinterval the Tortoise, a journeyman HOFi of Beogh (Swamp:1)
  12 azure jellies
  10 vault wardens
  2 orc warlords
  6 iron dragons
  11 balrugs
  Louise (Spider:2)
  5 emperor scorpions
  A juggernaut zombie (Crypt:1)
  14 deep elf sorcerers
  6 ghost moths (Spider:4)
  A curse skull (Crypt:2)
  11 frost giants
  4 deep elf elementalists (Elf:3)
  4 spriggan defenders
  15 war gargoyles
  60 reapers
  A draconian shifter (Depths:5)
  14 ghouls
  2 elemental wellsprings (Coc:7)
  The ghost of derval the Earth Mage, a journeyman DDEE of Makhleb (Lair:6)
  A draconian stormcaller (Depths:5)
  15 very ugly things
  20 stone giants
  9 vampire knights
  5 entropy weavers
  11 ironheart preservers
  A black draconian (Depths:5)
  2 green draconians (Depths:5)
  9 deep elf annihilators
  7 deep elf demonologists
  2 dire elephants (Lair:6)
  2 white draconians (Depths:5)
  4 lorocyprocas
  A yellow draconian (Depths:5)
  14 spark wasps
  15 blizzard demons
  10 deep elf death magi
  2 eidola (Tar:7)
  2 crystal guardians (Vaults:4)
  9 ettins
  8 quicksilver dragon zombies
  12 fire dragons
  6 great orbs of eyes
  13 death oozes
  6 yaktaur captains
  13 ogre magi
  8 jiangshi
  A hell beast (Dis:4)
  A rakshasa (Vaults:2)
  A kraken zombie (Hell)
  4 deep elf high priests
  32 ice dragons
  29 vault guards
  13 hydras
  Harold (Lair:2)
  3 ghost crabs
  8 quicksilver dragon skeletons
  10 centaur warriors
  3 anacondas
  5 death yaks
  Erica (D:9)
  7 spriggan air magi
  24 dancing weapons
  4 death knights
  30 two-headed ogres
  A two-headed ogre (shapeshifter) (Depths:4)
  8 vampire magi
  17 alligators
  14 deep troll shamans
  5 tengu warriors
  9 deep troll earth magi
  7 spriggan berserkers
  12 orc high priests
  31 hell hogs
  9 storm dragon zombies
  17 iron golems
  10 titan zombies
  A shock serpent (shapeshifter) (Depths:3)
  9 soul eaters
  37 hell knights
  6 wretched stars
  11 shadow wraiths
  9 sun demons
  18 deep elf knights
  A fire crab (shapeshifter) (Vaults:1)
  A fire crab (Spider:2)
  3 death drakes
  140 skeletal warriors
  A sixfirhy (Depths:3)
  9 titan skeletons
  5 unseen horrors
  2 spatial maelstroms
  11 anaconda zombies
  6 golden dragon zombies
  4 storm dragon skeletons
  A quicksilver dragon simulacrum (Crypt:2)
  A sea snake (shapeshifter) (Depths:2)
  13 iron trolls
  An unseen horror (shapeshifter) (Depths:4)
  7 flayed ghosts
  5 glowing orange brains
  16 shadow demons
  30 deep trolls
  3 spriggan druids
  12 wizards
  2 golden dragon skeletons
  19 deep elf archers
  3 ghost moth zombies
  A gelid demonspawn (Depths:3)
  A sphinx zombie (Crypt:1)
  2 spectral hydras (Swamp:4)
  5 shadow dragon zombies
  A mana viper (Spider:4)
  11 orc knights
  Pikel (D:7)
  An obsidian statue (Depths:1)
  4 anaconda skeletons
  11 iron dragon zombies
  4 harpies (Vaults:2)
  An orb spider (shapeshifter) (Depths:3)
  15 orb spiders
  16 ironbrand convokers
  2 lindwurms (Lair:6)
  2 orc sorcerers
  6 shining eyes
  41 wolf spiders
  5 stone giant zombies
  19 necromancers
  7 shadow dragon skeletons
  21 phantasmal warriors
  A shining eye (shapeshifter) (Depths:5)
  8 frost giant zombies
  62 ugly things
  65 deep elf magi
  5 wolf spider zombies
  2 fauns (shapeshifter)
  9 fire giant zombies
  4 oklob plants (Lair:1)
  A salamander (shapeshifter) (D:14)
  3 human zombies
  11 elephants
  4 cyclopes
  A salamander (Lair:2)
  4 moths of wrath
  7 frost giant skeletons
  2 manticores
  2 worldbinders (Abyss:2)
  The ghost of KittyKrap the Ruffian, a novice TrFi (D:4)
  7 iron dragon skeletons
  An apocalypse crab (Abyss:2)
  2 shock serpent zombies
  17 vault sentinels
  4 dire elephant zombies
  6 black mambas
  A black mamba (shapeshifter) (Vaults:4)
  9 stone giant skeletons
  49 rust devils
  5 orange demons
  7 fire giant skeletons
  17 molten gargoyles
  An eye of devastation (Slime:5)
  A purple draconian zombie (Crypt:3)
  8 torpor snails
  18 spiny frogs
  24 hellions
  3 ice statues
  8 smoke demons
  A spiny frog (shapeshifter) (Depths:4)
  A catoblepas zombie (Tar:7)
  5 gargoyles
  2 kobold demonologists
  5 swamp worm zombies (Swamp:4)
  2 rime drakes
  5 spectral swamp worms (Depths:3)
  3 emperor scorpion zombies
  42 freezing wraiths
  A yaktaur (shapeshifter) (Vaults:4)
  6 dire elephant skeletons
  A rime drake (shapeshifter) (Depths:3)
  7 efreet
  43 ice devils
  2 ancient zymes (Abyss:2)
  10 komodo dragons
  3 spriggan skeletons
  5 tengu conjurers
  42 tormentors
  40 yaktaurs
  14 demonic crawlers
  3 harpy zombies
  3 silent spectres
  A redback zombie (D:14)
  3 meliai (D:12)
  A queen bee (D:12)
  25 hydra zombies
  21 red devils
  A minotaur skeleton (Tar:7)
  36 jumping spiders
  11 trolls
  4 harpy skeletons
  A blink frog (shapeshifter) (Depths:3)
  9 tyrant leeches
  44 hornets
  A shadow dragon simulacrum (Coc:7)
  Prince Ribbit (D:9)
  10 hydra skeletons
  6 raiju (Abyss:2)
  2 wolf spider simulacra
  9 alligator zombies
  10 bog bodies
  2 spectral swamp dragons (Swamp:4)
  7 blink frogs
  A polar bear (Lair:1)
  6 ice dragon zombies
  A slime creature (shapeshifter) (Vaults:5)
  74 slime creatures
  2 spriggan zombies
  3 spectral tyrant leeches (Swamp:1)
  A human simulacrum (Vaults:1)
  A deep troll skeleton (Depths:1)
  11 hippogriffs
  5 fire dragon zombies
  2 frost giant simulacra
  A stone giant simulacrum (Coc:7)
  10 dream sheep (Lair:6)
  7 ice dragon skeletons
  8 starcursed masses (Abyss:3)
  6 fire dragon skeletons
  129 flying skulls
  Sigmund (D:5)
  2 redbacks (shapeshifter)
  A satyr zombie (Crypt:3)
  A snapping turtle (shapeshifter) (Depths:4)
  10 ettin zombies
  8 ettin skeletons
  21 shadows
  32 tarantellas
  8 ynoxinuls
  74 redbacks
  4 air elementals
  An alligator skeleton (Hell)
  30 wraiths
  4 black mamba skeletons
  3 hogs (Swamp:4)
  28 spriggans
  2 neqoxecs (Abyss:3)
  15 water elementals
  59 yaks
  24 fire elementals
  2 basilisks
  6 wyverns
  A human (shapeshifter) (Vaults:4)
  A basilisk (shapeshifter) (Spider:4)
  6 hungry ghosts
  10 golden eyes (Slime:5)
  10 large abominations
  5 chaos spawn
  11 wargs
  Edmund (D:5)
  Menkaure (D:4)
  A faun zombie (Crypt:2)
  19 vampire mosquitoes
  17 swamp worms
  14 insubstantial wisps
  5 spatial vortices
  A harpy simulacrum (Crypt:2)
  A naga (Abyss:2)
  2 acid dragons
  3 hydra simulacra
  Duvessa (D:4)
  8 spiny frog zombies
  12 water moccasins
  8 porcupines
  A water moccasin (shapeshifter) (Vaults:2)
  43 hell hounds
  4 swamp drakes
  3 floating eyes
  3 hornet zombies
  6 sky beasts
  2 slaves (D:7)
  A water nymph skeleton (Crypt:2)
  4 eyes of draining
  7 ice beasts
  55 orc warriors
  2 alligator simulacra
  3 black bears
  5 spiny frog skeletons
  4 swamp dragon zombies
  6 snapping turtle skeletons
  10 phantoms
  3 manticore zombies
  37 ogres
  7 snapping turtle zombies
  A dream sheep skeleton (Crypt:1)
  28 necrophages
  4 wolves
  9 boggarts
  A centaur (shapeshifter) (Vaults:3)
  3 manticore skeletons
  31 centaurs
  A lindwurm skeleton (Crypt:1)
  2 swamp dragon skeletons (Coc:7)
  A tyrant leech simulacrum (Swamp:1)
  A rime drake skeleton (Crypt:2)
  15 crocodiles
  A yaktaur zombie (Crypt:3)
  An elf zombie (Geh:3)
  2 big kobolds
  19 bullfrogs
  A gnoll sergeant (D:13)
  2 earth elementals
  Dowan (D:4)
  2 elf skeletons
  7 small abominations
  A wyvern skeleton (D:12)
  A raiju zombie (Crypt:1)
  A troll zombie (Abyss:2)
  The ghost of Twixt the Skirmisher, a weakling HOFi of Beogh (D:3)
  3 scorpions
  2 elf simulacra
  A snapping turtle simulacrum (Coc:2)
  38 killer bees
  An orc simulacrum (Vaults:1)
  45 wights
  A troll skeleton (Crypt:1)
  2 electric eels
  24 crimson imps
  A lava snake (Lair:2)
  A wyvern simulacrum (D:14)
  6 quasits
  5 centaur zombies
  3 jellies
  8 hounds
  2 bullfrog skeletons
  45 orc priests
  40 iron imps
  28 orc wizards
  A basilisk skeleton (Crypt:1)
  5 centaur skeletons
  4 iguanas
  Terence (D:2)
  4 spectral swamp drakes
  10 worker ants
  6 hell rats (Lair:1)
  A shapeshifter simulacrum (Depths:1)
  3 killer bee zombies
  A crocodile zombie (Crypt:2)
  An ogre zombie (Geh:1)
  A tengu zombie (Dis:3)
  A naga zombie (Tar:5)
  A felid zombie (Crypt:3)
  A dwarf skeleton (Crypt:2)
  A hound zombie (D:10)
  3 hound skeletons
  7 mummies
  3 worker ant zombies
  18 gnolls
  19 adders
  17 river rats (Lair:1)
  A swamp drake zombie (Swamp:4)
  A swamp drake skeleton (Crypt:3)
  15 shadow imps
  13 white imps
  2 swamp drake simulacra (Swamp:1)
  An ooze (D:1)
  3 adder zombies
  A lava snake zombie (Crypt:2)
  10 worms
  4 dart slugs
  6 leopard geckos
  116 orcs
  6 ball pythons
  6 bats
  2 giant cockroaches
  8 goblins
  7 hobgoblins
  12 jackals
  9 kobolds
  9 quokkas
  A ball python skeleton (D:4)
  A ball python zombie (Crypt:2)
  6 frilled lizards
  A giant cockroach zombie (D:6)
  A gnoll zombie (Crypt:3)
  A kobold skeleton (Crypt:3)
  A kobold zombie (Tar:1)
  An orc zombie (Dis:7)
  A quokka zombie (D:5)
  17 rats
  A lurking horror (Abyss:3)
  A plant (Lair:6)
  3 starspawn tentacles
  A tentacle (Hell)
4080 creatures vanquished.

Vanquished Creatures (others)
  3 deep elf master archers (Elf:3)
  An eldritch tentacle (Geh:2)
  A draconian knight (Vaults:4)
  A vault warden (Vaults:5)
  An iron dragon (Depths:4)
  2 yaktaur captains
  A hell hog (Geh:6)
  3 deep elf knights
  An anaconda zombie (Coc:7)
  6 deep elf archers
  An unseen horror (shapeshifter) (Vaults:1)
  3 deep elf magi (Elf:1)
  A dire elephant skeleton (Coc:2)
  2 vault sentinels (Vaults:5)
  A hellion (Geh:7)
  5 yaktaurs
  An ettin zombie (Vaults:1)
  A tarantella (Spider:3)
  A shadow (Geh:2)
  A wraith (Geh:5)
  A fire elemental (Geh:1)
  5 insubstantial wisps (Swamp:4)
  An ogre (Vaults:2)
  A boggart (Vaults:1)
  A bullfrog (D:15)
  An orc priest (D:7)
  A human skeleton (Geh:7)
  A tengu zombie (Geh:7)
  A shadow imp (Tar:4)
  A white imp (Hell)
  An orc (Elf:1)
  An orc skeleton (Geh:7)
  18 fungi
  26 plants
  6 starspawn tentacles
  3 tentacles (Hell)
106 creatures vanquished.

Grand Total: 4186 creatures vanquished

Notes
Turn   | Place    | Note
-------+----------+-------------------------------------------
     0 | D:1      | MisterFreud the Octopode Fighter began the quest for the
                  | Orb.
     0 | D:1      | Reached XP level 1. HP: 16/16 MP: 1/1
   165 | D:1      | Found a shimmering altar of Xom.
   198 | D:1      | Reached XP level 2. HP: 15/21 MP: 2/2
   578 | D:1      | Reached XP level 3. HP: 26/26 MP: 3/3
  1039 | D:2      | Found a sparkling altar of Nemelex Xobeh.
  1040 | D:2      | Found a hide-covered altar of Uskayaw.
  1041 | D:2      | Found a shimmering altar of Xom.
  1095 | D:2      | Noticed Terence
  1103 | D:2      | Killed Terence
  1103 | D:2      | Reached XP level 4. HP: 18/31 MP: 4/4
  1766 | D:2      | Reached skill level 5 in Long Blades
  1766 | D:2      | Reached XP level 5. HP: 13/36 MP: 5/5
  2423 | D:3      | Found a glowing drain.
  2444 | Sewer    | Entered a sewer
  2649 | Sewer    | Noticed a crocodile
  2661 | Sewer    | Killed a crocodile
  2661 | Sewer    | Reached XP level 6. HP: 16/42 MP: 6/6
  3368 | D:3      | Found a runed door.
  3368 | D:3      | Noticed Twixt's ghost (weakling HOFi)
  4095 | D:3      | Found an ancient bone altar of Kikubaaqudgha.
  4185 | D:4      | Found a transporter.
  4186 | D:4      | Noticed KittyKrap's ghost (novice TrFi)
  4276 | D:4      | Reached XP level 7. HP: 32/46 MP: 7/7
  4506 | D:4      | Noticed Menkaure
  5055 | D:4      | Noticed Dowan
  5056 | D:4      | Noticed Duvessa
  5069 | D:4      | Killed Duvessa
  5198 | D:4      | Killed Dowan
  5442 | D:4      | Found a transporter.
  5474 | D:4      | Reached skill level 5 in Dodging
  5474 | D:4      | Reached XP level 8. HP: 52/52 MP: 8/8
  5501 | D:4      | Killed Menkaure
  5757 | D:5      | Entered Level 5 of the Dungeon
  5816 | D:5      | Noticed Edmund
  5822 | D:5      | Killed Edmund
  6148 | D:5      | Noticed Sigmund
  6157 | D:5      | Killed Sigmund
  6489 | D:5      | Learned a level 3 spell: Ozocubu's Armour
  6639 | D:6      | Reached skill level 1 in Charms
  6639 | D:6      | Reached skill level 1 in Ice Magic
  7018 | D:6      | Found a glowing golden altar of the Shining One.
  7057 | D:6      | Found a blossoming altar of Fedhas.
  7594 | D:7      | Reached XP level 9. HP: 52/56 MP: 9/9
  7639 | D:7      | Found a staircase to the Ecumenical Temple.
  7647 | Temple   | Entered the Ecumenical Temple
  7688 | Temple   | Became a worshipper of Cheibriados the Contemplative
  7943 | D:7      | Noticed Pikel
  8058 | D:7      | Killed Pikel
  8989 | D:7      | Found an opulent altar of Gozag.
  9065 | D:7      | Found an ornate altar of the Wu Jian Council.
  9344 | D:7      | Reached skill level 5 in Charms
  9344 | D:7      | Reached skill level 5 in Ice Magic
  9374 | D:7      | Reached skill level 1 in Spellcasting
  9594 | D:8      | Reached * piety under Cheibriados
  9623 | D:8      | Reached XP level 10. HP: 17/63 MP: 12/14
  9643 | D:8      | Noticed a gargoyle
 10061 | D:8      | Got a vibrating silver ring
 10062 | D:8      | Identified the ring of the Tick {+Fly rPois rF+} (You found
                  | it on level 8 of the Dungeon)
 10319 | D:8      | Killed a gargoyle
 10579 | D:8      | Found a hazy altar of Hepliaklqana.
 10634 | D:8      | Reached ** piety under Cheibriados
 10788 | D:8      | Found a deep blue altar of Sif Muna.
 10810 | D:8      | Identified Sif Muna's Grimoire of the Oath
 10837 | D:8      | Found a staircase to the Lair.
 11160 | D:9      | Reached skill level 10 in Long Blades
 11224 | D:9      | Noticed Prince Ribbit
 11328 | D:9      | Killed Prince Ribbit
 11328 | D:9      | Reached *** piety under Cheibriados
 11375 | D:9      | Found Manah's Magic Scroll Shoppe.
 11391 | D:9      | Noticed Erica
 11397 | D:9      | Killed Erica
 11593 | D:9      | Found a staircase to the Orcish Mines.
 11789 | D:9      | Noticed a brown ugly thing
 11793 | D:9      | Killed a brown ugly thing
 11793 | D:9      | Reached XP level 11. HP: 40/67 MP: 15/15
 11941 | D:9      | Noticed a cyclops
 11983 | Lair:1   | Entered Level 1 of the Lair of Beasts
 12205 | Lair:1   | Got a glittering silver ring
 12206 | Lair:1   | Identified the ring "Obusin Dext" {rF+ MP+9 Str-5 Dex+2}
                  | (You found it on level 1 of the Lair of Beasts)
 12212 | Lair:1   | Noticed an oklob plant
 12212 | Lair:1   | Noticed an oklob plant
 12212 | Lair:1   | Noticed an oklob plant
 12212 | Lair:1   | Noticed an oklob plant
 12283 | Lair:1   | Reached **** piety under Cheibriados
 12744 | Lair:1   | Reached skill level 1 in Invocations
 12762 | Lair:1   | Reached ***** piety under Cheibriados
 13380 | Lair:2   | Learned a level 6 spell: Statue Form
 13414 | Lair:2   | Noticed Harold
 13434 | Lair:2   | Killed Harold
 13434 | Lair:2   | Reached skill level 5 in Invocations
 13434 | Lair:2   | Reached XP level 12. HP: 53/72 MP: 16/16
 13544 | Lair:2   | Noticed a six-headed hydra
 13760 | Lair:2   | Reached skill level 4 in Shields
 14077 | Lair:2   | Found a hole to the Spider Nest.
 14552 | Lair:2   | Killed a two-headed hydra
 14928 | Lair:3   | Reached skill level 5 in Shields
 14939 | Lair:3   | Found the +2 robe of Vines {NoPotionHeal Regen+7}
 15257 | Lair:3   | Reached skill level 6 in Shields
 15502 | Lair:3   | Reached skill level 7 in Shields
 16065 | Lair:4   | Found a staircase to the Swamp.
 16148 | Lair:4   | Reached ****** piety under Cheibriados
 16157 | Lair:4   | Noticed a death yak
 16431 | Lair:4   | Reached skill level 8 in Shields
 16436 | Lair:4   | Killed a death yak
 16825 | Lair:4   | Reached skill level 9 in Shields
 17165 | Lair:4   | Reached XP level 13. HP: 77/77 MP: 19/19
 17313 | Lair:4   | You fall through a shaft for 2 floors!
 17313 | Lair:6   | Entered Level 6 of the Lair of Beasts
 17329 | Lair:6   | Reached skill level 10 in Shields
 17693 | Lair:6   | Found a runed door.
 17700 | Lair:6   | Reached skill level 11 in Shields
 17745 | Lair:6   | Reached skill level 1 in Transmutations
 17745 | Lair:6   | Reached skill level 1 in Earth Magic
 17991 | Lair:6   | Found a transporter.
 18001 | Lair:6   | Noticed derval's ghost (journeyman DDEE)
 19135 | Lair:5   | Reached skill level 12 in Shields
 19652 | Lair:6   | Reached XP level 14. HP: 73/83 MP: 16/20
 20118 | Lair:6   | Reached skill level 5 in Transmutations
 20118 | Lair:6   | Reached skill level 5 in Earth Magic
 20122 | Lair:6   | Reached skill level 13 in Shields
 20408 | Lair:6   | Found a viscous altar of Jiyva.
 20409 | Lair:6   | Found a staircase to the Slime Pits.
 20496 | Lair:6   | Found a transporter.
 20610 | Lair:6   | Noticed a dire elephant
 20620 | Lair:6   | Killed a dire elephant
 20887 | Lair:6   | Noticed a dire elephant
 20951 | Lair:6   | Killed a dire elephant
 21397 | D:9      | Found the macabre finger necklace {rN+}
 21652 | D:9      | Found a sacrificial altar of Ru.
 21760 | D:10     | Entered Level 10 of the Dungeon
 22050 | D:10     | Learned a level 3 spell: Lesser Beckoning
 22780 | D:11     | Reached skill level 1 in Translocations
 22795 | D:11     | Found Wuse's Armour Emporium.
 23101 | D:11     | Reached skill level 14 in Shields
 23175 | D:11     | Found a portal to a secret trove of treasure.
 23697 | D:11     | Reached XP level 15. HP: 88/88 MP: 19/21
 25295 | D:13     | Found a gate to the Vaults.
 25302 | D:13     | Cast into level 2 of the Abyss (a wizard)
 25362 | Abyss:2  | Noticed a tentacled starspawn
 25375 | Abyss:2  | Killed a tentacled starspawn
 25426 | Abyss:3  | Noticed a tentacled starspawn
 25433 | Abyss:3  | Killed a tentacled starspawn
 25505 | Abyss:4  | Noticed a cacodemon
 25532 | D:13     | Escaped the Abyss
 25709 | D:13     | Noticed an orc warlord
 25725 | D:13     | Killed an orc warlord
 26027 | D:13     | Found a roughly hewn altar of Beogh.
 26050 | D:13     | Reached skill level 15 in Shields
 26802 | D:9      | Bought a scroll of acquirement for 520 gold pieces
 26802 | D:9      | Bought a scroll of acquirement for 520 gold pieces
 26802 | D:9      | Bought a scroll of fear for 35 gold pieces
 26802 | D:9      | Bought a scroll of teleportation for 30 gold pieces
 26802 | D:9      | Bought a scroll of identify for 20 gold pieces
 26802 | D:9      | Bought a scroll of identify for 20 gold pieces
 26802 | D:9      | Bought a scroll of identify for 20 gold pieces
 26802 | D:9      | Bought a scroll of holy word for 75 gold pieces
 26808 | D:9      | Got a bound turquoise ring
 26809 | D:9      | Identified the ring of Vehumet's Condemnation {rPois Dex+4}
                  | (You acquired it on level 9 of the Dungeon)
 26812 | D:9      | Got a brightly glowing bronze ring
 26813 | D:9      | Identified the ring of Buysaego {AC+2 Int+4 Slay+5} (You
                  | acquired it on level 9 of the Dungeon)
 26817 | D:9      | Got a heavily runed ivory ring
 26818 | D:9      | Identified the ring of Midduf {rElec rN+} (You acquired it
                  | on level 9 of the Dungeon)
 26889 | Orc:1    | Entered Level 1 of the Orcish Mines
 26892 | Orc:1    | Reached skill level 5 in Spellcasting
 27435 | Orc:2    | Entered Level 2 of the Orcish Mines
 27435 | Orc:2    | Noticed an orc warlord
 27445 | Orc:2    | Killed an orc warlord
 27730 | Orc:2    | Reached skill level 5 in Fighting
 27736 | Orc:2    | Found a staircase to the Elven Halls.
 28009 | Orc:2    | Found Uway's Weapon Shop.
 28009 | Orc:2    | Found Tiamitru's Gadget Shoppe.
 28382 | Orc:2    | Found a roughly hewn altar of Beogh.
 28411 | Orc:2    | Reached XP level 16. HP: 80/101 MP: 20/25
 28421 | Orc:2    | Found Otuephus's Armour Shop.
 28421 | Orc:2    | Found Pigy's Antique Armour Shoppe.
 28866 | Swamp:1  | Entered Level 1 of the Swamp
 29106 | Swamp:1  | Identified the Guide on Supportive Heat
 29221 | Swamp:1  | Found a runed gate.
 29222 | Swamp:1  | Found a runed gate.
 29223 | Swamp:1  | Found a runed gate.
 29225 | Swamp:1  | Noticed confidenceinterval's ghost (journeyman HOFi)
 30157 | Swamp:2  | Noticed a thorn hunter
 30174 | Swamp:2  | Killed a thorn hunter
 30620 | Swamp:3  | Reached skill level 10 in Transmutations
 30620 | Swamp:3  | Reached skill level 10 in Earth Magic
 31671 | Swamp:4  | Entered Level 4 of the Swamp
 31793 | Swamp:4  | Noticed a thorn hunter
 31798 | Swamp:4  | Killed a thorn hunter
 31803 | Swamp:4  | Reached XP level 17. HP: 113/113 MP: 26/26
 31862 | Swamp:4  | Noticed Kirke
 31868 | Swamp:4  | Killed Kirke
 31913 | Swamp:4  | Reached skill level 10 in Dodging
 32285 | Swamp:4  | Reached skill level 10 in Fighting
 32327 | Swamp:4  | Noticed a bone dragon
 32340 | Swamp:4  | Killed a bone dragon
 32439 | Swamp:4  | Got a decaying rune of Zot
 32615 | Spider:1 | Entered Level 1 of the Spider Nest
 32835 | Spider:1 | Reached skill level 1 in Evocations
 33445 | Spider:2 | Noticed Arachne
 33463 | Spider:2 | Noticed Agnes
 33466 | Spider:2 | Killed Agnes
 33466 | Spider:2 | Reached skill level 5 in Evocations
 33469 | Spider:2 | Killed Arachne
 33593 | Spider:2 | Noticed Louise
 33605 | Spider:2 | Killed Louise
 34094 | Spider:2 | Found a roughly hewn altar of Beogh.
 34109 | Spider:2 | Got a translucent platinum ring
 34110 | Spider:2 | Identified the ring "Itump" {MR+ Dex+4} (You found it on
                  | level 2 of the Spider Nest)
 34196 | Spider:3 | Reached XP level 18. HP: 119/122 MP: 27/27
 34205 | Spider:3 | Reached skill level 10 in Evocations
 34463 | Spider:3 | Reached skill level 1 in Stealth
 34632 | Spider:3 | Noticed Nikola
 34638 | Spider:3 | Killed Nikola
 35119 | Spider:4 | Entered Level 4 of the Spider Nest
 35122 | Spider:4 | Reached skill level 5 in Stealth
 35673 | Spider:4 | Reached skill level 10 in Stealth
 35794 | Spider:4 | Got a gossamer rune of Zot
 36455 | D:14     | Reached XP level 19. HP: 131/131 MP: 26/28
 36668 | D:14     | Reached skill level 10 in Invocations
 37247 | D:15     | Entered Level 15 of the Dungeon
 37630 | D:15     | Found a staircase to the Depths.
 38304 | Vaults:1 | Entered Level 1 of the Vaults
 38727 | Vaults:1 | Found Doanehoe's Weapon Boutique.
 38805 | Vaults:1 | Found a runed door.
 38808 | Vaults:1 | Noticed Pyagrit's ghost (adept OgMo)
 39205 | Vaults:1 | Found Hats's Assorted Antiques.
 39226 | Vaults:1 | Bought a scroll of teleportation for 108 gold pieces
 39226 | Vaults:1 | Bought a potion of heal wounds for 180 gold pieces
 39286 | Vaults:1 | Reached skill level 10 in Spellcasting
 39369 | Vaults:1 | Reached XP level 20. HP: 133/137 MP: 20/34
 39526 | Vaults:1 | Found Sitint's Assorted Antiques.
 39526 | Vaults:1 | Found Udolaja's Weapon Boutique.
 39551 | Vaults:1 | Bought a potion of heal wounds for 135 gold pieces
 39551 | Vaults:1 | Bought a purple potion for 24 gold pieces
 39590 | Vaults:1 | Found Batiut's Assorted Antiques.
 39598 | Vaults:1 | Bought a potion of magic for 296 gold pieces
 40063 | D:3      | Killed Twixt's ghost
 40145 | D:4      | Killed KittyKrap's ghost
 40597 | Lair:6   | Reached skill level 16 in Shields
 40602 | Lair:6   | Killed derval's ghost
 40773 | Swamp:1  | Killed confidenceinterval's ghost
 41111 | Vaults:1 | Killed Pyagrit's ghost
 41117 | Vaults:1 | Identified Gitsuopa's Guide on the Escort
 41120 | Vaults:1 | Identified Sif Muna's Testament of the Blind Seer
 41369 | Vaults:2 | Reached skill level 17 in Shields
 41450 | Vaults:2 | Found Etocsaph's Armour Emporium.
 42573 | Vaults:3 | Reached skill level 18 in Shields
 42601 | Vaults:3 | Found a staircase to the Crypt.
 42601 | Vaults:3 | Found a basalt altar of Yredelemnul.
 42655 | Vaults:3 | Found an ancient bone altar of Kikubaaqudgha.
 42913 | Vaults:3 | Got a twitching jade ring
 42914 | Vaults:3 | Identified the ring of Ifeekubb {rC+ Str+4} (You acquired
                  | it on level 3 of the Vaults)
 42937 | Vaults:3 | Got a brightly glowing platinum amulet
 42938 | Vaults:3 | Identified the amulet of Tuorph {Reflect +Blink Str+6 Int+2
                  | SH+2} (You acquired it on level 3 of the Vaults)
 42961 | Vaults:3 | Learned a level 6 spell: Iron Shot
 43187 | Vaults:3 | Reached skill level 1 in Conjurations
 43227 | Vaults:3 | Found Fumeah's Antique Weapon Emporium.
 43468 | Vaults:3 | Reached XP level 21. HP: 143/143 MP: 29/35
 43983 | Vaults:4 | Noticed Mara
 44315 | Elf:1    | Entered Level 1 of the Elven Halls
 44382 | Elf:1    | Reached skill level 5 in Translocations
 44420 | Elf:1    | Cast into level 2 of the Abyss (a deep elf sorcerer)
 44536 | Abyss:2  | Gained mutation: Potions are less effective at restoring
                  | your health. [a shining eye]
 44537 | Abyss:2  | Gained mutation: You are clumsy. (Dex -2) [a shining eye]
 44735 | Abyss:2  | Reached skill level 5 in Conjurations
 44826 | Abyss:2  | Reached skill level 19 in Shields
 44931 | Elf:1    | Escaped the Abyss
 45384 | Elf:1    | Identified the +11 short sword "Moateom" {drain, +Inv rF+
                  | rC+ Int-4}
 45401 | Elf:1    | Cast into level 3 of the Abyss (a deep elf demonologist)
 45424 | Abyss:3  | Found a corrupted altar of Lugonu.
 45745 | Elf:1    | Escaped the Abyss
 46146 | Elf:2    | Reached XP level 22. HP: 148/148 MP: 32/36
 46370 | Elf:2    | Found a runed gate.
 46370 | Elf:2    | Found a runed gate.
 46370 | Elf:2    | Found a runed gate.
 46435 | Elf:2    | Reached skill level 20 in Shields
 46800 | Elf:2    | Learned a level 9 spell: Shatter
 47011 | Depths:1 | Entered Level 1 of the Depths
 47712 | Depths:1 | Found a gateway to Hell.
 48164 | Depths:2 | Identified the +5 faerie dragon scales {rCorr Dex+5}
 48164 | Depths:2 | Noticed the Enchantress
 48178 | Depths:2 | Killed the Enchantress
 48264 | Depths:2 | Found Kitwoipy's Book Shoppe.
 48423 | Depths:2 | Reached skill level 21 in Shields
 48841 | Depths:2 | Found a one-way gate leading to the halls of Pandemonium.
 48859 | Depths:2 | Reached XP level 23. HP: 153/153 MP: 32/37
 49057 | Depths:2 | Bought a book of Geomancy for 560 gold pieces
 49063 | Depths:2 | Learned a level 5 spell: Lee's Rapid Deconstruction
 49275 | Depths:3 | Found a gateway to a ziggurat.
 49433 | Depths:3 | Noticed a caustic shrike
 49434 | Depths:3 | Noticed a caustic shrike
 49434 | Depths:3 | Noticed a caustic shrike
 49437 | Depths:3 | Noticed a caustic shrike
 49442 | Depths:3 | Killed a caustic shrike
 49444 | Depths:3 | Killed a caustic shrike
 49446 | Depths:3 | Killed a caustic shrike
 49448 | Depths:3 | Killed a caustic shrike
 49458 | Depths:3 | Found a flickering gateway to a bazaar.
 49463 | Bazaar   | Entered a bazaar
 49467 | Bazaar   | Found Puohiutu's Book Emporium.
 49471 | Bazaar   | Bought a book of the Warp for 810 gold pieces
 49471 | Bazaar   | Bought a book of the Tempests for 630 gold pieces
 49480 | Bazaar   | Learned a level 8 spell: Controlled Blink
 49494 | Bazaar   | Found Hoipsuju's General Store.
 49498 | Bazaar   | Found Kuseyrch's Armour Shop.
 49502 | Bazaar   | Bought a potion of curing for 33 gold pieces
 49507 | Bazaar   | Found Bostyd's Book Emporium.
 49515 | Bazaar   | Found Ijiot's Food Shoppe.
 49771 | Depths:3 | Reached skill level 22 in Shields
 50993 | Depths:4 | Found a transporter.
 51012 | Depths:4 | Noticed Boris
 51020 | Depths:4 | Killed Boris
 51020 | Depths:4 | Reached skill level 23 in Shields
 51055 | Depths:4 | Found a one-way gate to the infinite horrors of the Abyss.
 51187 | Depths:4 | Reached XP level 24. HP: 160/160 MP: 30/37
 51271 | Depths:4 | Found a transporter.
 51360 | Depths:5 | Entered Level 5 of the Depths
 51481 | Depths:5 | Gained mutation: You tend to lose your temper in combat. [a
                  | shining eye]
 51766 | Depths:5 | Found Foutok's Gadget Shoppe.
 51767 | Depths:5 | Found Ruskual's Jewellery Boutique.
 51768 | Depths:5 | Found Oclunol's Gadget Shoppe.
 51908 | Depths:5 | Reached skill level 24 in Shields
 52031 | Depths:5 | Lost mutation: You tend to lose your temper in combat.
                  | [potion of mutation]
 52031 | Depths:5 | Lost mutation: You are clumsy. (Dex -2) [potion of
                  | mutation]
 52031 | Depths:5 | Lost mutation: Potions are less effective at restoring your
                  | health. [potion of mutation]
 52031 | Depths:5 | Gained mutation: One of your tentacles bears a spike.
                  | [potion of mutation]
 52031 | Depths:5 | Gained mutation: You expend magic power (3 MP) to
                  | strengthen your wands. [potion of mutation]
 52109 | Depths:5 | Found a gate to the Realm of Zot.
 52782 | Elf:3    | Entered Level 3 of the Elven Halls
 53090 | Elf:3    | Found Huannuih's Assorted Antiques.
 53190 | Elf:3    | Found a deep blue altar of Sif Muna.
 54167 | Elf:3    | Identified the +8 war axe "Falaorui" {speed, *Slow +Fly
                  | rElec Stlth+}
 54167 | Elf:3    | Identified the cursed ring "Susaufih" {MR- EV-3 Str+7
                  | Dex+6}
 54183 | Elf:3    | Reached skill level 25 in Shields
 54217 | Elf:3    | Identified the cursed +1 trident "Beetlebane" {freeze,
                  | *Drain *Slow rPois Stlth+}
 54427 | Elf:3    | Reached XP level 25. HP: 165/165 MP: 34/37
 54443 | Elf:3    | Identified the Compendium of Transmigration and Companions
 54512 | Elf:3    | Got a crystal falchion
 54513 | Elf:3    | Identified the +10 falchion "Urokka" {elec, rC++ Int+4}
                  | (You found it on level 3 of the Elven Halls)
 54532 | Elf:3    | Got a crude long sword
 54533 | Elf:3    | Identified the +9 long sword "Cawigam" {freeze, MR+ Int+2}
                  | (You found it on level 3 of the Elven Halls)
 55129 | Vaults:4 | Killed Mara
 55232 | Vaults:4 | Reached skill level 10 in Translocations
 56062 | Crypt:1  | Entered Level 1 of the Crypt
 57312 | Crypt:3  | Entered Level 3 of the Crypt
 57869 | Crypt:3  | Reached skill level 15 in Translocations
 57926 | Crypt:3  | Reached XP level 26. HP: 171/171 MP: 35/37
 58060 | Crypt:3  | Found a staircase to the Tomb.
 58183 | Crypt:3  | Found an ancient bone altar of Kikubaaqudgha.
 58256 | Crypt:3  | Noticed an ancient lich
 58262 | Crypt:3  | Killed an ancient lich
 58561 | Crypt:3  | Identified the Disquisition on Unholy Magic
 59034 | Vaults:4 | Upgraded the game from 0.23-a0-451-g1044d4c to
                  | 0.23-a0-455-ge12115f
 59526 | Slime:1  | Entered Level 1 of the Pits of Slime
 59563 | Slime:1  | Gained mutation: You are partially covered in thin metallic
                  | scales. (AC +2) [a shining eye]
 59968 | Slime:5  | Entered Level 5 of the Pits of Slime
 59998 | Slime:5  | Gained mutation: You are weak. (Str -2) [a shining eye]
 60046 | Slime:5  | Noticed the Royal Jelly
 60049 | Slime:5  | Found a viscous altar of Jiyva.
 60064 | Slime:5  | Killed the Royal Jelly
 60064 | Slime:5  | Reached skill level 15 in Earth Magic
 60114 | Slime:5  | Got a slimy rune of Zot
 60151 | Slime:5  | Found the +7 sceptre of Torment {pain, torment}
 60152 | Slime:5  | Identified the ring "Zeuxtompe" {rF+ rC+ Slay+3} (You found
                  | it on level 5 of the Pits of Slime)
 60655 | D:11     | You showed the slimy rune of Zot to enter a treasure trove
 60656 | Trove    | Entered a treasure trove
 60682 | Trove    | Got a scorched iron amulet
 60683 | Trove    | Identified the amulet of Ykulopli {Faith SInv} (You found
                  | it in a treasure trove)
 60685 | Trove    | Got a scorched wooden ring
 60686 | Trove    | Identified the ring of Puozopryatis {MR+ AC+6} (You found
                  | it in a treasure trove)
 61027 | Vaults:4 | Reached XP level 27. HP: 183/183 MP: 37/37
 61032 | Vaults:5 | Entered Level 5 of the Vaults
 61048 | Vaults:5 | Noticed an ancient lich
 61057 | Vaults:5 | Killed an ancient lich
 61058 | Vaults:5 | Identified the ring "Katiask" {rPois rN+}
 61685 | Vaults:5 | Identified the ring "Yzis" {rPois AC+4 Str-3 Dex-4 SInv}
 61758 | Vaults:5 | Got a silver rune of Zot
 61957 | Vaults:5 | Identified the +4 hunting sling "Sefrejose" {freeze,
                  | Fragile rF++ SInv}
 62134 | Vaults:5 | Identified the ring "Goimep" {rC- MP+9 Int+5 Dex+4} (You
                  | found it on level 5 of the Vaults)
 62171 | Vaults:5 | Learned a level 6 spell: Deflect Missiles
 63101 | Depths:4 | Noticed a juggernaut
 63270 | Depths:4 | Killed a juggernaut
 63280 | Depths:4 | Identified the ring "Rojiheoq" {rF+ EV+3} (You found it on
                  | level 4 of the Depths)
 63286 | Depths:4 | Identified the ring "Waff" {rF+ Str-3 Int+3 Dex+4} (You
                  | found it on level 4 of the Depths)
 63324 | Depths:4 | Identified Sif Muna's Tome of Damaging Dislocation
 63362 | Hell     | Entered the Vestibule of Hell
 63378 | Hell     | Noticed Geryon
 63392 | Hell     | Killed Geryon
 63413 | Hell     | Reached skill level 15 in Fighting
 64136 | Hell     | Found a gateway to the freezing wastes of Cocytus.
 64257 | Hell     | Found a gateway to the Iron City of Dis.
 64360 | Hell     | Found a gateway to the ashen valley of Gehenna.
 64423 | Hell     | Found a gateway to the decaying netherworld of Tartarus.
 64462 | Hell     | Learned a level 5 spell: Aura of Abjuration
 64773 | Geh:1    | Entered Level 1 of Gehenna
 64807 | Geh:1    | Reached skill level 1 in Summonings
 64860 | Geh:1    | Found a huge runed gate.
 64860 | Geh:1    | Found a huge runed gate.
 64860 | Geh:1    | Found a huge runed gate.
 64860 | Geh:1    | Found a huge runed gate.
 64860 | Geh:1    | Found a huge runed gate.
 64860 | Geh:1    | Found a huge runed gate.
 64860 | Geh:1    | Found a huge runed gate.
 64866 | Geh:1    | Found a huge runed gate.
 64890 | Geh:1    | Found a huge runed gate.
 64890 | Geh:1    | Found a huge runed gate.
 64890 | Geh:1    | Found a huge runed gate.
 64938 | Geh:1    | Found a huge runed gate.
 64938 | Geh:1    | Found a huge runed gate.
 64938 | Geh:1    | Found a huge runed gate.
 64965 | Geh:1    | Found a huge runed gate.
 64965 | Geh:1    | Found a huge runed gate.
 64965 | Geh:1    | Found a huge runed gate.
 64965 | Geh:1    | Found a huge runed gate.
 64966 | Geh:1    | Found a huge runed gate.
 64967 | Geh:1    | Found a huge runed gate.
 64968 | Geh:1    | Found a huge runed gate.
 64969 | Geh:1    | Found a huge runed gate.
 64973 | Geh:1    | Found a huge runed gate.
 64977 | Geh:1    | Found a huge runed gate.
 64977 | Geh:1    | Found a huge runed gate.
 64999 | Geh:1    | Found a huge runed gate.
 65001 | Geh:1    | Found a huge runed gate.
 65002 | Geh:1    | Found a huge runed gate.
 65003 | Geh:1    | Found a huge runed gate.
 66025 | Geh:5    | Learned a level 1 spell: Apportation
 66187 | Geh:7    | Entered Level 7 of Gehenna
 66625 | Geh:7    | Found the brooch of Shielding {Reflect SH+8}
 66643 | Geh:7    | Identified the cursed ring "Lacuef" {rC+ EV-3} (You found
                  | it on level 7 of Gehenna)
 66648 | Geh:7    | Identified the Incunabulum of Boosting Evil
 66719 | Geh:7    | Identified the +7 sceptre of Asmodeus
 66719 | Geh:7    | Noticed Asmodeus
 66739 | Geh:7    | Killed Asmodeus
 66741 | Geh:7    | Reached skill level 15 in Spellcasting
 66744 | Geh:7    | Got an obsidian rune of Zot
 67748 | Slime:5  | Reached skill level 1 in Polearms
 68137 | Coc:1    | Entered Level 1 of Cocytus
 68427 | Coc:2    | Reached skill level 5 in Polearms
 68692 | Coc:7    | Entered Level 7 of Cocytus
 68921 | Coc:7    | Gained mutation: Your body sometimes deteriorates upon
                  | taking damage. [mutagenic glow]
 69082 | Coc:7    | Reached skill level 10 in Polearms
 69210 | Coc:7    | Gained mutation: Your body often deteriorates upon taking
                  | damage. [mutagenic glow]
 69665 | Coc:7    | Reached skill level 15 in Dodging
 69667 | Coc:7    | Identified the +6 great mace "Jonkuoceu" {venom, rPois
                  | Dex+2}
 69667 | Coc:7    | Identified the +11 hunting sling of the Demagogue {freeze,
                  | rElec rC++ Dex-3}
 69667 | Coc:7    | Identified the amulet "Otugenaaho" {RegenMP rN++ Dex+2
                  | Stlth-}
 69812 | Coc:7    | Noticed Antaeus
 70937 | Coc:7    | Got an icy rune of Zot
 71077 | Tar:1    | Entered Level 1 of Tartarus
 72083 | Tar:7    | Entered Level 7 of Tartarus
 72661 | Tar:7    | Gained mutation: You are clumsy. (Dex -2) [mutagenic glow]
 72685 | Tar:7    | Gained mutation: You are very weak. (Str -4) [mutagenic
                  | glow]
 73704 | Tar:7    | Noticed Ereshkigal
 73735 | Tar:7    | Killed Ereshkigal
 73784 | Tar:7    | Got a bone rune of Zot
 73921 | Dis:1    | Entered Level 1 of the Iron City of Dis
 74454 | Dis:3    | Found a burning altar of Makhleb.
 74707 | Dis:3    | Learned a level 7 spell: Spellforged Servitor
 74957 | Dis:4    | Reached skill level 5 in Summonings
 75707 | Dis:4    | Reached skill level 15 in Polearms
 75737 | Dis:4    | Gained mutation: You are frail. (-10% HP) [mutagenic glow]
 76213 | Dis:7    | Entered Level 7 of the Iron City of Dis
 76914 | Dis:7    | Killed from afar by a Hell Sentinel

Vault maps used:
D:1:      dpeg_arrival_three_same_balls, minmay_fountain_box, minivault_24,
          xom_teletrap_fun
D:2:      nicolae_overflow_hidden_temple, uniq_terence
D:3:      kennysheep_big_flooded_room, lemuel_coloured_pillars_altar,
          ebering_ghost_reflecting_pool, gup_sewer_entry_bubbles, first_ration,
          hangedman_feature_mirror, guppyfry_early_orc_mine
D:4:      gammafunk_ghost_stat_death, minmay_unequal, uniq_duvessa,
          uniq_menkaure
D:5:      gammafunk_ghost_stat_death, uniq_sigmund, uniq_edmund
D:6:      kennysheep_mini, nicolae_overflow_crystal_walls, corner_web_ring,
          minmay_misc_feat_iff, kennysheep_small_spiral, st_stairs_3
D:7:      grunt_gozag_breadcrumbs, overflow_temple_1_default,
          minmay_temple_entry_grid, grunt_ogre_cave, uniq_pikel
D:8:      led_sif_book, lemuel_round_altar, minmay_radiant
D:9:      minmay_the_grid_net, kennysheep_little_box, serial_shops, shop,
          uniq_prince_ribbit1, uniq_erica
D:10:     minmay_bloctagon
D:11:     portal_ice_cave_demonic_guard, serial_shops, shop, enter_trove_3
D:12:     lab_entry_generic, special_room
D:13:     orc_temple, david_vaults_1
D:14:     minmay_tri_box, chequers_serial_rivers_micro_e
D:15:     hangedman_depths_entry_civil_slaughter, hangedman_decor_slide_cut,
          hangedman_abyss_or_decor_stabs
Temple:   jpeg_temple_clearing
Lair:1:   lemuel_ratsnest, st_stairs_7, gammafunk_lair_bear_cave,
          grunt_megastairs_3, infiniplex_staircase_pool_2,
          minmay_lair_oklob_chamber, lemuel_fruit_tree
Lair:2:   nicolae_spider_entry_non_spiders, uniq_harold
Lair:3:   grunt_megastairs_2
Lair:4:   minmay_swamp_entry_worms, beast_lair_carwin_2
Lair:5:   serial_bayou_shore_b, wad_woods_river_01, infiniplex_staircase_pool
Lair:6:   wormcave, slime_altar_1, gammafunk_ghost_arena,
          minmay_shattered_shrine
Swamp:1:  gammafunk_ghost_necromancy, evilmike_swamp_ruin_house_3
Swamp:2:  evilmike_swamp_ruin_house_6
Swamp:3:  nicolae_swamp_feature_on_the_river_bank, swamp_pool2,
          nicolae_swamp_snake_nest
Swamp:4:  swamp_pestilence, uniq_kirke
Spider:2: nicolae_spider_mines_2, uniq_agnes, uniq_louise, uniq_arachne
Spider:3: guppyfry_spider_mini_1, uniq_nikola
Spider:4: johnstein_spider_rune_arachne_lair
Slime:1:  cheibrodos_slime_lost_civilization_4
Orc:1:    nicolae_orc_accident_1, serial_shops
Orc:2:    st_orc_town
Elf:1:    orc_legates, lemuel_flamethrower_2
Elf:3:    minmay_elf_hall, serial_shops, shop_fountains, basic_altar
Vaults:1: ebering_vaults_ghost_inner_flame, vaults_dpeg_spiral,
          ontoclasm_vaults_chip, hangedman_vaults_cutoff,
          nicolae_vaults_little_squares_6, vaults_room_door_hall, v_misc_29,
          grunt_vaults_twisty, nicolae_vaults_three_branches,
          nicolae_vaults_ring_of_whatevers, vaults_room_grid,
          ontoclasm_vaults_ring_large, ontoclasm_vaults_fault, vaults_mumra_lcd,
          ontoclasm_vaults_echo, ontoclasm_vaults_pinch, serial_shops,
          nicolae_shop_waterfront, shop_fountains, nicolae_shop_stone, shop,
          nicolae_shop_waterfront
Vaults:2: vaults_room_glass_cross, vaults_mumra_hex, vaults_mumra_minichess,
          v_rooms_3, v_misc_4, nicolae_vaults_twisting_passages, serial_shops,
          nicolae_shop_competitors_out_of_business, portal_desolation_entry_ruin
Vaults:3: minmay_crypt_entry_necro_gods, vaults_room_boxed,
          nicolae_vaults_ninety_degrees, vaults_room_fancy_cross,
          ontoclasm_vaults_hangar, ontoclasm_vaults_claustrophobia,
          ontoclasm_vaults_ring_square, nicolae_vaults_statue_guard,
          vaults_room_semicircle, vaults_room_pool, stair_cage_open,
          serial_shops, nicolae_shop_statue_plus
Vaults:4: ontoclasm_vaults_misaligned, v_misc_12, hangedman_vaults_maws,
          hangedman_vaults_corner_blocks, v_misc_2, vaults_standard_mumra_x,
          grunt_vaults_diagonal, v_misc_26, hangedman_vaults_snaps,
          grunt_vaults_hallway_long, sword_in_stone, uniq_mara
Crypt:1:  serial_sigils_hangedman_gnaw, grunt_crypt_arrival_webbed
Crypt:3:  church_of_pain_bobbens
Depths:1: grunt_hell_entry_demonic_statue, nrook_kobold_shadow_demons,
          roderic_lattice_octagonal_star, firewood_loft
Depths:2: mu_elemental_laboratory, pan_entry, corexii_hall_statues_x,
          hell_entry, serial_shops, shop, serial_bayou_pond_d,
          infiniplex_staircase_split_hallway, uniq_enchantress
Depths:3: minmay_quantized_circle, enter_ziggurat_e, pf_hell_entry_tar_river,
          serial_bayou_lagoon_a, rand_demon_pan_entry_8, serial_shops,
          bzr_entry_road, nicolae_lava_and_water, basic_stair_grate_trap
Depths:4: gammafunk_dig_for_victory, hangedman_decor_peaks_small, hell_entry,
          abyss_entry_crystal, uniq_boris
Depths:5: grunt_crosshair, hell_entry, serial_bayou_shore_b, minmay_shop_grove
Dis:2:    door_vault
Dis:3:    kennysheep_iron_temple
Dis:4:    grunt_dis_stairs_iron_hall
Dis:7:    iron_city_of_dis
Geh:1:    door_vault
Geh:2:    grunt_megastairs_5
Geh:4:    hangedman_gehenna_grave_pits
Geh:5:    special_room
Geh:7:    geh_old
Coc:6:    serial_ice, serial_ice_o, serial_ice_d, serial_ice_g
Coc:7:    coc_grunt
Tar:3:    nicolae_tar_cuneiform_bird
Tar:4:    nicolae_tar_cuneiform_two
Tar:5:    nicolae_tar_cuneiform_not
Tar:6:    nicolae_tar_cuneiform_heaven
Tar:7:    tar_mu
Abyss:2:  evilmike_abyss_exit_1
Abyss:3:  evilmike_abyss_exit_chaos, nicolae_abyss_rune_star_stuff, minivault_27
Abyss:4:  evilmike_abyss_exit_9, evilmike_abyss_exit_chaos,
          hangedman_abyss_rune_macabre_mess
Bazaar:   bazaar_kb_twisted_cavern
Trove:    trove_garden
Sewer:    sewer_the_crocodile

Skill      XL: |  1  2  3  4  5  6  7  8  9 10 11 12 13 14 15 16 17 18 19 20 21 22 23 24 25 26 27 |
---------------+----------------------------------------------------------------------------------+-----
Long Blades    | 3 4 5 6 7 8 12 13 14 | 14.0
Dodging        | 5 7 8 9 10 12 18 | 18.0
Charms         | 2 5 |  5.0
Ice Magic      | 2 5 |  5.0
Spellcasting   | 3 6 10 20 | 20.0
Invocations    | 5 8 9 12 | 12.0
Shields        | 9 12 14 15 18 19 21 23 25 | 25.0
Transmutations | 4 6 8 10 | 10.0
Earth Magic    | 4 6 8 10 12 13 16 22 | 22.0
Translocations | 2 6 8 15 16 | 16.0
Fighting       | 6 9 10 12 14 22 | 22.0
Evocations     | 9 10 | 10.0
Stealth        | 10 | 10.0
Conjurations   | 2 8 |  8.0
Summonings     | 8 |  8.1
Polearms       | 19 | 19.0

Action                   |  1- 3 |  4- 6 |  7- 9 | 10-12 | 13-15 | 16-18 | 19-21 | 22-24 | 25-27 || total
-------------------------+-------+-------+-------+-------+-------+-------+-------+-------+-------++-------
Melee: Long sword        |    53 |    70 |       |       |       |       |       |       |   830 ||   953
       Tentacles         |    17 |    23 |    52 |   158 |   356 |   309 |   415 |   372 |  1408 ||  3110
       Constrict         |    17 |    38 |    40 |    78 |   141 |   172 |   209 |   139 |   634 ||  1468
       Scimitar          |       |    59 |   196 |   396 |   868 |   675 |  1006 |   766 |       ||  3966
       Kick              |       |       |       |       |       |       |       |    69 |  2336 ||  2405
       Demon trident     |       |       |       |       |       |       |       |       |  1971 ||  1971
       Demon blade       |       |       |       |       |       |       |       |       |  1233 ||  1233
Throw: Javelin           |       |       |     6 |    92 |    10 |     1 |       |       |       ||   109
       Tomahawk          |       |       |     4 |     3 |       |       |       |       |       ||     7
       Stone             |       |       |       |    10 |       |       |       |       |       ||    10
       Throwing net      |       |       |       |     2 |       |       |       |       |       ||     2
 Cast: Ozocubu's Armour  |       |       |     2 |    13 |    87 |       |       |       |       ||   102
       Lesser Beckoning  |       |       |       |       |    26 |    19 |   121 |   159 |   337 ||   662
       Statue Form       |       |       |       |       |    12 |    76 |    99 |    91 |   280 ||   558
       Iron Shot         |       |       |       |       |       |       |     2 |       |    15 ||    17
       Lee's Rapid Decon |       |       |       |       |       |       |       |     2 |     8 ||    10
       Controlled Blink  |       |       |       |       |       |       |       |       |    10 ||    10
       Shatter           |       |       |       |       |       |       |       |       |    14 ||    14
       Deflect Missiles  |       |       |       |       |       |       |       |       |     4 ||     4
       Apportation       |       |       |       |       |       |       |       |       |     3 ||     3
       Aura of Abjuratio |       |       |       |       |       |       |       |       |     1 ||     1
Invok: Slouch            |       |       |       |     2 |     6 |     6 |     6 |     5 |    28 ||    53
       Temporal Distorti |       |       |       |       |     4 |       |     1 |       |     2 ||     7
 Abil: Evoke Blink       |       |       |       |       |       |       |       |       |     1 ||     1
Evoke: Wand              |       |       |       |     1 |     9 |    61 |     2 |     4 |     5 ||    82
  Use: Scroll            |       |     8 |     8 |     6 |    16 |     8 |    11 |     4 |    53 ||   114
       Potion            |       |     1 |     3 |     1 |     3 |     1 |     1 |     2 |    17 ||    29
 Stab: Sleeping          |     8 |     4 |    10 |    10 |    16 |     6 |    12 |    11 |    27 ||   104
       Distracted        |       |     1 |       |     3 |     7 |     2 |     5 |     2 |    11 ||    31
       Held in net/web   |       |       |       |     2 |       |       |       |       |       ||     2
  Eat: Chunk             |       |    11 |    12 |    11 |    36 |    29 |    25 |    20 |     3 ||   147
       Ration            |       |       |     2 |     1 |       |     4 |     6 |     4 |    22 ||    39
Armor: Skin              |     5 |     2 |     4 |    21 |    42 |   313 |   135 |   174 |   604 ||  1300
Dodge: Dodged            |    25 |    29 |    76 |   161 |   302 |   700 |   586 |   609 |  1896 ||  4384
       Deflected         |       |       |       |       |       |       |       |       |    17 ||    17
Block: Shield            |    25 |    45 |    78 |   159 |   537 |   845 |   927 |   903 |       ||  3519
       Reflection        |       |       |       |       |       |       |    20 |   107 |    89 ||   216
       Large shield      |       |       |       |       |       |       |       |   111 |  5654 ||  5765
       Rpst.: Long sword |    10 |     8 |       |       |       |       |       |       |    94 ||   112
       Scimitar          |       |     3 |    24 |    44 |    73 |   148 |   100 |    81 |       ||   473
       Demon blade       |       |       |       |       |       |       |       |       |    64 ||    64

Table legend:
 A = Non-vault XP
 B = Vault XP
 C = Vault XP percentage of total XP
 D = Non-vault monster count
 E = Vault monster count
 F = Vault count percentage of total count
                 A         B        C        D         E       F
            +---------+---------+-------+---------+---------+-------
      Total | 1651029 |  914981 |  35.7 |    2888 |    1180 |  29.0
            +---------+---------+-------+---------+---------+-------
        D:1 |      47 |       0 |   0.0 |      21 |       0 |   0.0
        D:2 |     114 |      36 |  24.0 |      26 |       1 |   3.7
        D:3 |     248 |     110 |  30.7 |      26 |      14 |  35.0
        D:4 |     423 |    1021 |  70.7 |      11 |       8 |  42.1
        D:5 |      17 |     414 |  96.1 |       8 |       2 |  20.0
        D:6 |     440 |      40 |   8.3 |      10 |       1 |   9.1
        D:7 |    1360 |     742 |  35.3 |      28 |       2 |   6.7
        D:8 |    1183 |     633 |  34.9 |      27 |       5 |  15.6
        D:9 |    1173 |    4510 |  79.4 |      14 |      21 |  60.0
       D:10 |    1170 |    2788 |  70.4 |      22 |      16 |  42.1
       D:11 |    5471 |     803 |  12.8 |      45 |       3 |   6.2
       D:12 |    3702 |    2605 |  41.3 |      24 |      25 |  51.0
       D:13 |    3850 |    9296 |  70.7 |      17 |      32 |  65.3
       D:14 |   11045 |    3576 |  24.5 |      39 |       6 |  13.3
       D:15 |   27217 |    5500 |  16.8 |      58 |       6 |   9.4
     Lair:1 |    4261 |    4356 |  50.6 |      21 |      51 |  70.8
     Lair:2 |    6110 |    1140 |  15.7 |      23 |       9 |  28.1
     Lair:3 |    2568 |    1403 |  35.3 |      14 |       7 |  33.3
     Lair:4 |    1936 |    2819 |  59.3 |       9 |       6 |  40.0
     Lair:5 |    7378 |     602 |   7.5 |      25 |       5 |  16.7
     Lair:6 |   18650 |   19505 |  51.1 |      49 |      40 |  44.9
    Swamp:1 |    7976 |    3018 |  27.5 |      18 |      10 |  35.7
    Swamp:2 |   22803 |       0 |   0.0 |      60 |       0 |   0.0
    Swamp:3 |   10723 |    1718 |  13.8 |      38 |       9 |  19.1
    Swamp:4 |   10726 |   17109 |  61.5 |      15 |      44 |  74.6
   Spider:1 |    8425 |       0 |   0.0 |      25 |       0 |   0.0
   Spider:2 |   15143 |    9262 |  38.0 |      42 |       8 |  16.0
   Spider:3 |   27405 |    4855 |  15.0 |      74 |       8 |   9.8
   Spider:4 |   15987 |   32199 |  66.8 |      40 |      54 |  57.4
    Slime:1 |    7255 |       0 |   0.0 |       8 |       0 |   0.0
    Slime:2 |    2422 |       0 |   0.0 |       3 |       0 |   0.0
    Slime:3 |   11060 |       0 |   0.0 |      14 |       0 |   0.0
    Slime:4 |    7965 |       0 |   0.0 |       7 |       0 |   0.0
    Slime:5 |   20333 |   27476 |  57.5 |      45 |      10 |  18.2
      Orc:1 |    4609 |    1014 |  18.0 |      29 |       4 |  12.1
      Orc:2 |    6080 |    8477 |  58.2 |      55 |      58 |  51.3
      Elf:1 |   19967 |   12548 |  38.6 |      29 |      27 |  48.2
      Elf:2 |    9862 |   19946 |  66.9 |      22 |      26 |  54.2
      Elf:3 |   21302 |   50879 |  70.5 |      33 |      29 |  46.8
   Vaults:1 |   34317 |   22611 |  39.7 |      56 |      37 |  39.8
   Vaults:2 |   22030 |   20827 |  48.6 |      39 |      29 |  42.6
   Vaults:3 |   24478 |    3704 |  13.1 |      49 |       5 |   9.3
   Vaults:4 |   32510 |   50619 |  60.9 |      51 |      38 |  42.7
   Vaults:5 |   21066 |   95471 |  81.9 |      31 |      69 |  69.0
    Crypt:1 |   28178 |       0 |   0.0 |      42 |       0 |   0.0
    Crypt:2 |   40496 |       0 |   0.0 |      49 |       0 |   0.0
    Crypt:3 |   43593 |   66144 |  60.3 |      52 |      71 |  57.7
   Depths:1 |   19863 |    8818 |  30.7 |      27 |      27 |  50.0
   Depths:2 |   42722 |   12726 |  23.0 |      54 |      14 |  20.6
   Depths:3 |   56895 |   31774 |  35.8 |      56 |      34 |  37.8
   Depths:4 |   32387 |   42126 |  56.5 |      39 |      24 |  38.1
   Depths:5 |   30177 |   23716 |  44.0 |      29 |      15 |  34.1
       Hell |   22779 |   26463 |  53.7 |      30 |      41 |  57.7
      Dis:1 |    6665 |       0 |   0.0 |      11 |       0 |   0.0
      Dis:2 |   10354 |       0 |   0.0 |      15 |       0 |   0.0
      Dis:3 |   83425 |   29427 |  26.1 |     112 |      38 |  25.3
      Dis:4 |   42587 |   17769 |  29.4 |      67 |      27 |  28.7
      Dis:6 |   37115 |       0 |   0.0 |      51 |       0 |   0.0
      Dis:7 |   48274 |   51595 |  51.7 |      54 |      31 |  36.5
      Geh:1 |   20082 |       0 |   0.0 |      49 |       0 |   0.0
      Geh:2 |   24375 |     106 |   0.4 |      38 |       1 |   2.6
      Geh:3 |   16138 |       0 |   0.0 |      35 |       0 |   0.0
      Geh:4 |   30539 |       0 |   0.0 |      56 |       0 |   0.0
      Geh:5 |   22034 |       0 |   0.0 |      35 |       0 |   0.0
      Geh:6 |   15608 |       0 |   0.0 |      32 |       0 |   0.0
      Geh:7 |   43975 |   48412 |  52.4 |      66 |      33 |  33.3
      Coc:1 |    7116 |       0 |   0.0 |      28 |       0 |   0.0
      Coc:2 |   25039 |       0 |   0.0 |      57 |       0 |   0.0
      Coc:3 |    5871 |       0 |   0.0 |      13 |       0 |   0.0
      Coc:6 |     228 |       0 |   0.0 |       1 |       0 |   0.0
      Coc:7 |  136948 |   50471 |  26.9 |     128 |      53 |  29.3
      Tar:1 |    8637 |       0 |   0.0 |      21 |       0 |   0.0
      Tar:2 |    5747 |       0 |   0.0 |      13 |       0 |   0.0
      Tar:3 |   37424 |       0 |   0.0 |      41 |       0 |   0.0
      Tar:4 |   33917 |       0 |   0.0 |      32 |       0 |   0.0
      Tar:5 |   11925 |       0 |   0.0 |      13 |       0 |   0.0
      Tar:6 |   12495 |       0 |   0.0 |      19 |       0 |   0.0
      Tar:7 |  141605 |   61514 |  30.3 |     135 |      39 |  22.4
    Abyss:2 |   18963 |       0 |   0.0 |      43 |       0 |   0.0
    Abyss:3 |   23867 |       0 |   0.0 |      44 |       0 |   0.0
    Abyss:4 |     179 |     180 |  50.1 |       1 |       1 |  50.0
      Sewer |       0 |     108 | 100.0 |       0 |       6 | 100.0
            +---------+---------+-------+---------+---------+-------
